[Event "Titled Tuesday Blitz June 6 Early 2023"]
[White "Avazkhonov, Alikhon"]
[Black "Goroshkov, Maksym"]
[WhiteFideId "14208504"]
[BlackFideId "14142716"]
[WhiteElo "1739"]
[BlackElo "2322"]
[Result "0-1"]
[Round "6"]
[TimeControl "180+2"]
[Date "2023.06.06"]
[WhiteClock "0:00:04"]
[BlackClock "0:01:37"]
[Board "110"]

1. d4 Nf6 2. c4 e5 3. Nc3 exd4 4. Qxd4 Nc6 5. Qh4 Be7 6. Bg5 O-O 7. e3 h6 8. Bxf6 Bxf6 9. Qg3 Bxc3+ 10. bxc3 Qf6 11. Rd1 Qxc3+ 12. Rd2 d6 13. Bd3 Ne5 14. e4 Qa1+ 15. Rd1 Qxa2 16. Ne2 Qa5+ 17. Kf1 Be6 18. Nd4 Bxc4 19. Bxc4 Nxc4 20. Nf5 Qe5 21. Nxh6+ Kh7 22. Nf5 g6 23. Qh4+ Kg8 24. Ne7+ Kg7 25. Nf5+ gxf5 26. Qg5+ Kh8 27. Qh5+ Kg8 28. Rd5 Qa1+ 29. Ke2 Qb2+ 30. Kf3 Ne5+ 31. Kg3 f4+ 32. Kh3 Ng6 33. Rg5 Qh8 34. Kg4 Qxh5+ 35. Kxh5 Kg7 36. Kg4 a5 37. h4 f6 38. Rb5 b6 39. h5 Ne5+ 40. Kxf4 a4 0-1


[Site "https://www.chess.com"]

[Event "Titled Tuesday Blitz June 6 Early 2023"]
[White "Fernandez Garcia, Gumersindo"]
[Black "Manukyan, Sargis A."]
[WhiteFideId "24516740"]
[BlackFideId "13303970"]
[WhiteElo "2093"]
[BlackElo "2187"]
[Result "1-0"]
[Round "6"]
[TimeControl "180+2"]
[Date "2023.06.06"]
[WhiteClock "0:00:13"]
[BlackClock "0:00:54"]
[Board "111"]

1. Nf3 d5 2. e3 e6 3. c4 Nf6 4. b3 Be7 5. Bb2 O-O 6. Be2 dxc4 7. bxc4 b6 8. O-O Bb7 9. d4 Nbd7 10. Nbd2 c5 11. a4 cxd4 12. exd4 Kh8 13. a5 Rg8 14. a6 Bxf3 15. Nxf3 g5 16. d5 Rc8 17. Ne5 Nxe5 18. Bxe5 Bd6 19. Bb2 e5 20. Re1 Qd7 21. Bd3 Rce8 22. Qf3 Qd8 23. Qf5 Rg6 24. Re2 Kg7 25. Rae1 Qc7 26. g3 h5 27. Qf3 g4 28. Qf5 h4 29. Bxe5 Rxe5 30. Rxe5 hxg3 31. hxg3 Bc5 32. Qf4 Qd7 33. Bxg6 fxg6 34. Re6 Nh5 35. Qe5+ Kh6 36. Qh8+ Qh7 37. Qxh7+ Kxh7 38. d6 b5 39. d7 Bb6 40. c5 Bc7 41. Re8 b4 42. d8=Q Bxd8 43. Rxd8 b3 44. Rb8 b2 45. Rxb2 Nf6 46. Rb7+ Kh6 47. Rxa7 g5 48. Rf7 Kh5 49. a7 Kg6 50. Rxf6+ Kh5 51. Rh6+ Kxh6 52. a8=Q Kg6 53. Qg8+ Kh5 54. Qh7# 1-0


[Site "https://www.chess.com"]

[Event "Titled Tuesday Blitz June 6 Early 2023"]
[White "Bodnaruk, Anastasia"]
[Black "Mazurkiewicz, Michal"]
[WhiteFideId "4181751"]
[BlackFideId "1124943"]
[WhiteElo "2304"]
[BlackElo "2063"]
[Result "1-0"]
[Round "6"]
[TimeControl "180+2"]
[Date "2023.06.06"]
[WhiteClock "0:02:00"]
[BlackClock "0:00:50"]
[Board "112"]

1. e4 d6 2. d4 Nf6 3. Nc3 c6 4. f4 Qb6 5. Nf3 Bg4 6. a3 e5 7. fxe5 dxe5 8. dxe5 Nfd7 9. Bf4 Qxb2 10. Na4 Bxf3 11. gxf3 Bb4+ 12. Ke2 Qxa1 13. Qxa1 Ba5 14. e6 Nf6 15. Rg1 fxe6 16. Rxg7 Nbd7 17. Rxd7 1-0


[Site "https://www.chess.com"]

[Event "Titled Tuesday Blitz June 6 Early 2023"]
[White "Kochiev, Ivan"]
[Black "Marcziter, Dmitrii"]
[WhiteFideId "2917890"]
[BlackFideId "13900765"]
[WhiteElo "2287"]
[BlackElo "2162"]
[Result "0-1"]
[Round "6"]
[TimeControl "180+2"]
[Date "2023.06.06"]
[WhiteClock "0:02:02"]
[BlackClock "0:01:46"]
[Board "113"]

1. e4 c5 2. Nf3 a6 3. c4 e6 4. Nc3 Qc7 5. d4 cxd4 6. Nxd4 Nf6 7. Be2 b6 8. O-O Bb7 9. f3 Nc6 10. Be3 Ne5 11. Rc1 Ng6 12. b4 h5 13. a3 h4 14. Qd2 Bd6 15. f4 Nxe4 16. Nxe4 Bxe4 17. Bf3 Bxf3 18. Nxf3 Bxf4 19. Ng5 Bxe3+ 20. Qxe3 O-O 21. Nxf7 Rxf7 22. Rxf7 Kxf7 23. Qf3+ Qf4 0-1


[Site "https://www.chess.com"]

[Event "Titled Tuesday Blitz June 6 Early 2023"]
[White "Mogirzan, Matei-Valeriu"]
[Black "Aloma Vidal, Robert"]
[WhiteFideId "1257455"]
[BlackFideId "2260409"]
[WhiteElo "1733"]
[BlackElo "2435"]
[Result "1-0"]
[Round "6"]
[TimeControl "180+2"]
[Date "2023.06.06"]
[WhiteClock "0:00:02"]
[BlackClock "0:00:41"]
[Board "114"]

1. e4 e5 2. Nf3 Nf6 3. Nc3 Nc6 4. Nd5 Nxe4 5. Qe2 Nc5 6. d4 Ne6 7. dxe5 d6 8. Bg5 Qd7 9. O-O-O Nxg5 10. exd6+ Ne6 11. Nxc7+ Kd8 12. Ne5 Nxe5 13. Qxe5 f6 14. Qg3 Qa4 15. Bb5 Qf4+ 16. Qxf4 Nxf4 17. d7 Rb8 18. Rhe1 Be7 19. dxc8=R+ Kxc8 20. Rxe7 a6 21. Ba4 b5 22. Bb3 Rb6 23. Nd5 Nxd5 24. Bxd5 g5 25. Ree1 h5 26. Be6+ Kb8 27. f3 h4 28. h3 Re8 29. Bf5 Rf8 30. Rd7 b4 31. Red1 Rb5 32. Be4 a5 33. Rd8+ Rxd8 34. Rxd8+ Kc7 35. Rd5 Rb6 36. Rxa5 Kd6 37. Rd5+ Ke6 38. b3 Ra6 39. Kb2 Ra7 40. Rb5 Rc7 41. Bf5+ Kd6 42. Rxb4 Ke5 43. Be4 Rc5 44. a4 f5 45. Bxf5 Kf6 46. Rb6+ Ke7 47. Be4 Re5 48. b4 Kd7 49. a5 Kc7 50. Rb7+ Kc8 51. a6 Re6 52. Bf5 Kd8 53. Bxe6 g4 54. a7 Ke8 55. a8=R# 1-0


[Site "https://www.chess.com"]

[Event "Titled Tuesday Blitz June 6 Early 2023"]
[White "Degenbaev, Aziz"]
[Black "Gatterer, Florian"]
[WhiteFideId "13802640"]
[BlackFideId "811688"]
[WhiteElo "2152"]
[BlackElo "2221"]
[Result "0-1"]
[Round "6"]
[TimeControl "180+2"]
[Date "2023.06.06"]
[WhiteClock "0:00:32"]
[BlackClock "0:00:11"]
[Board "115"]

1. e4 c5 2. Nf3 e6 3. d4 cxd4 4. Nxd4 Nf6 5. Nc3 Nc6 6. a3 Be7 7. Be3 O-O 8. f4 e5 9. Nxc6 dxc6 10. f5 Qxd1+ 11. Rxd1 g6 12. fxg6 hxg6 13. h3 Be6 14. Be2 Rfd8 15. O-O b6 16. Kh2 Kg7 17. Bf2 Rxd1 18. Bxd1 b5 19. Bg3 Nd7 20. Be2 f5 21. exf5 gxf5 22. Rd1 a5 23. Bf3 e4 24. Be2 b4 25. Nb1 Rf8 26. Bd6 Kf6 27. a4 Rg8 28. Bc7 Bd8 29. Bxd8+ Rxd8 30. Rd6 Ke5 31. Rxc6 f4 32. Nd2 Nf6 33. Nb3 Bxb3 34. cxb3 Rd2 35. Bc4 f3 36. Bf1 e3 37. Rc5+ Kd6 38. Rc8 e2 39. Rd8+ Nd7 40. Bxe2 fxe2 41. Re8 Ne5 42. Rd8+ Ke6 43. Rxd2 e1=Q 44. Rc2 Qe4 45. Rf2 Qe3 46. Rc2 Qxb3 47. Rc8 Qxa4 48. Ra8 Qb5 49. Rh8 Kd5 50. Rd8+ Ke4 51. h4 a4 52. h5 Ng4+ 53. Kg3 Qe5+ 54. Kxg4 Qf5+ 55. Kh4 Qf4+ 56. Kh3 Qf5+ 57. Kh2 Qxh5+ 58. Kg1 Qe5 59. Rd2 a3 60. Re2+ Kd5 61. Rd2+ Ke6 62. bxa3 bxa3 63. Kf1 Qb2 64. Ke2 Qxd2+ 65. Kxd2 a2 66. Ke3 a1=Q 67. Kf4 Qg7 68. g4 Kf7 69. g5 Qg6 70. Kg4 Ke6 71. Kf4 Kd5 72. Kg4 Ke5 73. Kh4 Kf5 74. Kh3 Qxg5 75. Kh2 Kf4 76. Kh1 Kf3 77. Kh2 Qg2# 0-1


[Site "https://www.chess.com"]

[Event "Titled Tuesday Blitz June 6 Early 2023"]
[White "Moore, Nicholas"]
[Black "Czerw, Dawid"]
[WhiteFideId "4303709"]
[BlackFideId "1145746"]
[WhiteElo "2403"]
[BlackElo "2144"]
[Result "0-1"]
[Round "6"]
[TimeControl "180+2"]
[Date "2023.06.06"]
[WhiteClock "0:00:48"]
[BlackClock "0:00:59"]
[Board "116"]

1. c4 Nf6 2. g3 g6 3. Bg2 c5 4. Nc3 Bg7 5. e3 O-O 6. Nge2 Nc6 7. O-O a6 8. d4 d6 9. dxc5 dxc5 10. Bxc6 bxc6 11. Qxd8 Rxd8 12. e4 Be6 13. b3 Nxe4 14. Bb2 Rd2 15. Nxe4 Rxb2 16. N2c3 Bd4 17. Rac1 Bg4 18. Na4 Rxa2 19. Nexc5 Bh3 20. Rcd1 e5 21. Rxd4 exd4 22. Rd1 Re8 23. Nd7 Bxd7 0-1


[Site "https://www.chess.com"]

[Event "Titled Tuesday Blitz June 6 Early 2023"]
[White "Sargsyan, Anna M."]
[Black "Tarasova, Viktoriya"]
[WhiteFideId "13308130"]
[BlackFideId "4175840"]
[WhiteElo "2284"]
[BlackElo "2182"]
[Result "0-1"]
[Round "6"]
[TimeControl "180+2"]
[Date "2023.06.06"]
[WhiteClock "0:00:03"]
[BlackClock "0:00:08"]
[Board "117"]

1. d4 Nf6 2. c4 e6 3. Nf3 b6 4. g3 Ba6 5. Qc2 c5 6. Bg2 Bb7 7. d5 exd5 8. cxd5 Bxd5 9. O-O Be7 10. Nc3 Bc6 11. e4 d6 12. Bf4 O-O 13. Rad1 Qc7 14. Rfe1 Rd8 15. h4 Nbd7 16. Nd5 Bxd5 17. exd5 Bf8 18. Bh3 h6 19. g4 Re8 20. g5 hxg5 21. hxg5 Nh5 22. Be3 g6 23. Bg4 Ne5 24. Bxh5 gxh5 25. Nxe5 Rxe5 26. Qe2 h4 27. Qg4 Rae8 28. Qxh4 Re4 29. Qh5 Bg7 30. Kg2 Bxb2 31. Rh1 Qd7 32. Qh7+ Kf8 33. g6 Qg4+ 34. Kh2 Qxg6 35. Qxg6 fxg6 36. Kg2 Ra4 37. Rh7 Rxa2 38. Bh6+ Kg8 39. Rd7 Bd4 40. Rf1 Ree2 41. Rxd6 Rxf2+ 42. Rxf2 Rxf2+ 43. Kh3 Rf3+ 44. Kg4 Rf1 45. Bg5 Rg1+ 46. Kh4 Rh1+ 47. Kg4 Rg1+ 48. Kf4 Bb2 49. Rd8+ Kf7 50. Bh4 Bc1+ 51. Ke4 Rg4+ 52. Ke5 Rxh4 53. d6 Rd4 54. d7 Bg5 0-1


[Site "https://www.chess.com"]

[Event "Titled Tuesday Blitz June 6 Early 2023"]
[White "Shapiro, Daniel"]
[Black "Gheorghiu, Calin"]
[WhiteFideId "2001780"]
[BlackFideId "1200305"]
[WhiteElo "2387"]
[BlackElo "2204"]
[Result "0-1"]
[Round "6"]
[TimeControl "180+2"]
[Date "2023.06.06"]
[WhiteClock "0:00:03"]
[BlackClock "0:00:24"]
[Board "118"]

1. d4 d5 2. c4 e6 3. Nf3 Nf6 4. g3 c6 5. Qc2 Nbd7 6. Bg2 Bd6 7. Nbd2 O-O 8. O-O Re8 9. Re1 a5 10. b3 a4 11. Bb2 a3 12. Bc3 b6 13. e4 dxe4 14. Ng5 Bb7 15. Ndxe4 Nxe4 16. Nxe4 Be7 17. Rad1 Qc7 18. Bd2 c5 19. Bf4 Qc8 20. dxc5 Nxc5 21. Nd6 Bxd6 22. Rxd6 Bxg2 23. Kxg2 Qb7+ 24. f3 Rad8 25. Red1 Rxd6 26. Rxd6 h6 27. Qd2 e5 28. Be3 e4 29. f4 Nd3 30. Rxb6 Qd7 31. c5 Qg4 32. c6 Qf3+ 33. Kg1 Rc8 34. b4 h5 35. b5 h4 36. gxh4 Qg4+ 37. Kh1 Rd8 38. c7 Nf2+ 39. Bxf2 Rxd2 40. Rb8+ Kh7 0-1


[Site "https://www.chess.com"]

[Event "Titled Tuesday Blitz June 6 Early 2023"]
[White "Perske, Thore"]
[Black "Mohammed, Zozek Salah Mohammed"]
[WhiteFideId "12902195"]
[BlackFideId "4803361"]
[WhiteElo "2336"]
[BlackElo "2211"]
[Result "1-0"]
[Round "6"]
[TimeControl "180+2"]
[Date "2023.06.06"]
[WhiteClock "0:01:30"]
[BlackClock "0:02:03"]
[Board "119"]

1. e4 d5 2. exd5 Qxd5 3. Nc3 Qd8 4. Nf3 Nf6 5. Bc4 a6 6. a4 c5 7. d4 cxd4 8. Nxd4 e6 9. Be3 Be7 10. O-O O-O 11. Qf3 Qc7 12. Bb3 Nc6 13. Nxc6 Qxc6 14. Qxc6 bxc6 15. Bg5 h6 16. Bh4 g5 17. Bg3 Nd5 18. Nxd5 cxd5 19. c4 dxc4 20. Bxc4 Bb7 21. Rfd1 Rfd8 22. b3 Bf6 23. Rab1 Be4 24. Rxd8+ Rxd8 25. Re1 Bd3 26. Rd1 Bxc4 27. Rxd8+ Bxd8 28. bxc4 Kf8 29. Kf1 Ke7 30. Ke2 Kd7 31. Kd3 Kc6 32. Be5 f6 33. Bd4 e5 34. Bc3 Bb6 35. f3 Kd6 36. g4 Bg1 37. h3 Bc5 38. Ba5 Ke6 39. Ke4 Ba3 40. Bb6 Be7 41. c5 Kd7 42. Kd5 Bf8 43. c6+ Kc8 44. Ke6 1-0


[Site "https://www.chess.com"]

[Event "Titled Tuesday Blitz June 6 Early 2023"]
[White "Krutko, Anatoly"]
[Black "Fajdetic, Hrvoje"]
[WhiteFideId "4185862"]
[BlackFideId "14501945"]
[WhiteElo "2378"]
[BlackElo "2185"]
[Result "1-0"]
[Round "6"]
[TimeControl "180+2"]
[Date "2023.06.06"]
[WhiteClock "0:00:30"]
[BlackClock "0:00:05"]
[Board "120"]

1. e4 e6 2. d3 c5 3. Nf3 Nc6 4. g3 g6 5. Bg2 Bg7 6. O-O Nge7 7. c3 e5 8. Na3 d6 9. Nc4 b5 10. Ne3 O-O 11. a4 b4 12. Nd2 bxc3 13. bxc3 Ba6 14. Ndc4 Rb8 15. Ba3 Na5 16. Re1 Nxc4 17. dxc4 Bh6 18. Ng4 Bg7 19. Bf1 f5 20. exf5 Nxf5 21. Qd3 Bb7 22. Bg2 Bxg2 23. Kxg2 Qd7 24. Ne3 Nxe3+ 25. Rxe3 Rf6 26. Qd5+ Qe6 27. Rd1 Rbf8 28. Qxe6+ Rxe6 29. Red3 Rff6 30. Rb1 Bf8 31. Rb8 Rf7 32. a5 Ref6 33. Rd2 g5 34. a6 d5 35. cxd5 Rxa6 36. Bxc5 Kg7 37. Be3 g4 38. c4 Ra4 39. c5 Rc4 40. d6 e4 41. d7 Be7 42. Re8 Bf6 43. d8=Q Bxd8 44. Rdxd8 a5 45. Rg8+ Kf6 46. Rd6+ Ke7 47. Rxg4 Rc2 48. Rxe4+ Kf8 49. Bh6+ Kg8 50. Rd8+ 1-0


[Site "https://www.chess.com"]

[Event "Titled Tuesday Blitz June 6 Early 2023"]
[White "Fernandez Siles, Luis"]
[Black "Escanor89"]
[WhiteFideId "2209420"]
[WhiteElo "2195"]
[BlackElo "2536"]
[Result "1/2-1/2"]
[Round "6"]
[TimeControl "180+2"]
[Date "2023.06.06"]
[WhiteClock "0:00:52"]
[BlackClock "0:00:05"]
[Board "121"]

1. d4 Nf6 2. c4 g6 3. Nc3 Bg7 4. e4 d6 5. Nf3 O-O 6. Be2 Bg4 7. Be3 Nfd7 8. Ng1 Bxe2 9. Ngxe2 c5 10. O-O cxd4 11. Nxd4 Nc6 12. Qd2 Rc8 13. b3 Nc5 14. f3 Qa5 15. Rac1 Rfe8 16. Rfd1 Nxd4 17. Bxd4 Bxd4+ 18. Qxd4 Ne6 19. Qd2 Qc5+ 20. Kh1 Qa5 21. Nd5 Qxd2 22. Rxd2 Nc7 23. Nxc7 Rxc7 24. a4 Rec8 25. Kg1 Rc5 26. Rcd1 a5 27. Rd5 h5 28. Kf2 R8c6 29. Ke3 b6 30. f4 Kg7 31. g3 Rxd5 32. exd5 Rc8 33. Rb1 h4 34. g4 Kf6 35. Kd4 g5 36. f5 e5+ 37. fxe6 fxe6 38. dxe6 Kxe6 39. Re1+ Kd7 40. Rf1 Rc5 41. Rf7+ Kc6 42. h3 Re5 43. Rf5 Re1 44. Rxg5 Rd1+ 45. Kc3 Rh1 46. Rh5 Rxh3+ 47. Kc2 Rh2+ 48. Kc3 h3 49. g5 Rh1 50. g6 h2 51. Kb2 Rg1 52. Rxh2 Rxg6 53. Rh5 Rg2+ 54. Kc3 Rg3+ 55. Kc2 Rg2+ 56. Kc3 Rg3+ 57. Kc2 Rg2+ 58. Kc3 1/2-1/2


[Site "https://www.chess.com"]

[Event "Titled Tuesday Blitz June 6 Early 2023"]
[White "Sargissyan, Sargis"]
[Black "Machidon, Cristi"]
[WhiteFideId "13303210"]
[BlackFideId "13904590"]
[WhiteElo "2109"]
[BlackElo "2355"]
[Result "0-1"]
[Round "6"]
[TimeControl "180+2"]
[Date "2023.06.06"]
[WhiteClock "0:00:01"]
[BlackClock "0:00:04"]
[Board "122"]

1. e4 d5 2. exd5 Qxd5 3. Nc3 Qd8 4. d4 Nf6 5. Bc4 Bf5 6. Nf3 e6 7. O-O c6 8. Qe2 Bb4 9. Bg5 O-O 10. Rad1 h6 11. Bh4 Nbd7 12. Ne5 Re8 13. Nxd7 Qxd7 14. Bxf6 gxf6 15. Ne4 Kg7 16. Ng3 Bg6 17. Nh5+ Bxh5 18. Qxh5 Rg8 19. Rd3 Kh7 20. c3 Rg5 21. Qe2 Bd6 22. Rh3 Rag8 23. Bd3+ f5 24. g3 a5 25. Kh1 a4 26. f4 R5g6 27. a3 Bc7 28. Qf3 Rd8 29. Bc2 Ra8 30. Rh4 Qd5 31. Qxd5 cxd5 32. g4 Bd8 33. gxf5 Bxh4 34. fxg6+ fxg6 35. Kg2 Kg7 36. Kh3 Be7 37. Re1 Ra6 38. Rg1 g5 39. fxg5 Bxg5 40. Rg2 Kf6 41. Kg4 e5 42. Rf2+ Ke6 43. Bf5+ Kd6 44. dxe5+ Kxe5 45. Re2+ Kd6 46. h4 Bc1 47. Re6+ Kc5 48. Rxa6 bxa6 49. Bd7 Bxb2 50. Bxa4 Bxa3 51. Kf3 Bb2 52. Ke2 Bxc3 53. Kd3 Bf6 54. h5 a5 55. Be8 Kb4 56. Bf7 d4 57. Be6 a4 58. Kc2 Kc5 59. Kd3 Kd6 60. Bg8 Ke5 61. Bf7 Kf5 62. Kc2 Ke4 63. Bc4 Ke3 64. Kd1 d3 65. Bb5 a3 66. Bc4 Bc3 67. Ba2 Kf4 0-1


[Site "https://www.chess.com"]

[Event "Titled Tuesday Blitz June 6 Early 2023"]
[White "Alahakoon, Isuru"]
[Black "Bruedigam, Martin"]
[WhiteFideId "9900993"]
[BlackFideId "24608033"]
[WhiteElo "1819"]
[BlackElo "2331"]
[Result "0-1"]
[Round "6"]
[TimeControl "180+2"]
[Date "2023.06.06"]
[WhiteClock "0:00:06"]
[BlackClock "0:00:10"]
[Board "123"]

1. Nf3 d5 2. e3 c5 3. b3 Nc6 4. Bb2 a6 5. d4 cxd4 6. exd4 Bg4 7. Nbd2 e6 8. Bd3 Nf6 9. O-O Bd6 10. a3 Qc7 11. Qe1 O-O 12. Ne5 Bf5 13. Bxf5 exf5 14. c4 Rfe8 15. Ndf3 dxc4 16. bxc4 Ng4 17. Qb1 Ngxe5 18. dxe5 Nxe5 19. Qxf5 Nxf3+ 20. Qxf3 Bxh2+ 21. Kh1 Be5 22. Bxe5 Rxe5 23. g3 Rc5 24. Rab1 Rb8 25. Rfc1 g6 26. Kg2 h5 27. Rb4 b6 28. Qb3 h4 29. gxh4 Rh5 30. Qg3 Qc6+ 31. Kg1 Rd8 32. c5 bxc5 33. Rf4 Rhd5 34. Qf3 Qd7 35. Re1 Rd1 36. Rxd1 Qxd1+ 37. Qxd1 Rxd1+ 38. Kg2 Rd6 39. Rc4 Rc6 40. Kf3 Kf8 41. Ke4 Ke7 42. Kd5 Rf6 43. Kxc5 Rxf2 44. Kb6 Rf3 45. a4 f5 46. Kxa6 f4 47. a5 Kf6 48. Kb7 Kf5 49. a6 Rb3+ 50. Kc8 f3 51. a7 Ra3 52. Kb8 f2 53. Rc1 Kg4 54. Rc4+ Kg3 55. Rc1 Kxh4 56. a8=Q Rxa8+ 57. Kxa8 g5 58. Kb7 g4 59. Kc6 g3 60. Kd5 g2 0-1


[Site "https://www.chess.com"]

[Event "Titled Tuesday Blitz June 6 Early 2023"]
[White "Bilan, Danila"]
[Black "Polanco Nunez, Yoel Estarling"]
[WhiteFideId "24161918"]
[BlackFideId "6401783"]
[WhiteElo "2146"]
[BlackElo "2132"]
[Result "1-0"]
[Round "6"]
[TimeControl "180+2"]
[Date "2023.06.06"]
[WhiteClock "0:00:03"]
[BlackClock "0:00:43"]
[Board "124"]

1. d4 Nf6 2. Nf3 d5 3. c4 e6 4. Nc3 Be7 5. Bg5 O-O 6. e3 Ne4 7. Bf4 Nxc3 8. bxc3 b6 9. cxd5 exd5 10. Bd3 Bb7 11. O-O c5 12. Rc1 c4 13. Bb1 Nc6 14. Re1 b5 15. e4 dxe4 16. Bxe4 Na5 17. d5 f5 18. Bc2 Bf6 19. Bxf5 Bxd5 20. Qc2 Bxf3 21. gxf3 Bg5 22. Rcd1 Qf6 23. Bxh7+ Kh8 24. Bg3 Rad8 25. Be4 Nc6 26. Rxd8 Rxd8 27. Rd1 Rxd1+ 28. Qxd1 Ne5 29. Qd5 Ng6 30. Qxb5 Kh7 31. Qxc4 Kh6 32. Qc6 Qxc6 33. Bxc6 Nf4 34. Be4 g6 35. c4 Kg7 36. c5 Ne2+ 37. Kf1 Nxg3+ 38. fxg3 Bd8 39. c6 Kf6 40. Ke2 g5 41. Kd3 Bc7 42. Kc4 Ke5 43. Bd5 Bb6 44. h4 gxh4 45. gxh4 Kf4 46. Be4 Bc7 47. Kd5 Kg3 48. h5 1-0


[Site "https://www.chess.com"]

[Event "Titled Tuesday Blitz June 6 Early 2023"]
[White "Chernomordik, Pavel"]
[Black "Korpics, Zsolt"]
[WhiteFideId "2804530"]
[BlackFideId "705241"]
[WhiteElo "2193"]
[BlackElo "2358"]
[Result "1-0"]
[Round "6"]
[TimeControl "180+2"]
[Date "2023.06.06"]
[WhiteClock "0:00:34"]
[BlackClock "0:00:05"]
[Board "125"]

1. e4 c5 2. Nc3 Nc6 3. Bb5 Nd4 4. Bc4 g6 5. Nge2 Bg7 6. Nxd4 cxd4 7. Qf3 Nf6 8. Ne2 e5 9. c3 dxc3 10. dxc3 O-O 11. O-O Qc7 12. Bb3 d6 13. Bg5 Bg4 14. Qe3 Nd7 15. f3 Be6 16. Rad1 Nc5 17. Bd5 f5 18. b4 f4 19. Qc1 Bxd5 20. Rxd5 Ne6 21. Bh4 g5 22. Bf2 b6 23. Rfd1 Rad8 24. Qc2 Rf6 25. Qb3 Kh8 26. R1d2 Bf8 27. Qd1 Qc6 28. Qb3 Be7 29. c4 Nc7 30. R5d3 Rg8 31. h3 h5 32. Nc3 g4 33. Bh4 Rf7 34. Bxe7 Rxe7 35. Rxd6 Qe8 36. Rd8 Qxd8 37. Rxd8 Rxd8 38. Nd5 Red7 39. fxg4 Ne6 40. gxh5 Nd4 41. Qd1 Rc8 42. Qg4 Rdd8 43. h6 Rg8 44. Qh5 Rxc4 45. Qxe5+ Kh7 46. Nf6+ Kxh6 47. Nxg8+ Kh7 48. Nf6+ Kh6 49. Ng4+ Kg6 50. Qd6+ Kh7 51. Qd5 Rc1+ 52. Kh2 Ne2 53. Qf7+ Kh8 54. Nf6 Ng3 55. Qg8# 1-0


[Site "https://www.chess.com"]

[Event "Titled Tuesday Blitz June 6 Early 2023"]
[White "Petukhov, Dmitry"]
[Black "Andrews, Todd"]
[WhiteFideId "4142748"]
[BlackFideId "2012456"]
[WhiteElo "2311"]
[BlackElo "2145"]
[Result "0-1"]
[Round "6"]
[TimeControl "180+2"]
[Date "2023.06.06"]
[WhiteClock "0:00:20"]
[BlackClock "0:00:27"]
[Board "126"]

1. e4 e6 2. d4 d5 3. e5 c5 4. c3 Nc6 5. Nf3 Bd7 6. a3 Nge7 7. b4 cxd4 8. cxd4 Nf5 9. Be3 b5 10. Bd3 Nxe3 11. fxe3 a5 12. Bxb5 axb4 13. a4 Na5 14. Nbd2 Be7 15. O-O O-O 16. Bd3 Qb6 17. Qe2 Rfc8 18. e4 Bc6 19. Kh1 dxe4 20. Nxe4 Nb3 21. Neg5 Nxa1 22. Bxh7+ Kf8 23. Nxe6+ Ke8 24. Nxg7+ Kd8 25. Rxa1 b3 26. d5 b2 27. Rb1 Bxd5 28. Qd2 Rc1+ 29. Rxc1 bxc1=Q+ 30. Qxc1 Rxa4 31. Qd1 Qa5 32. Nf5 Ra1 33. Qg1 Rxg1+ 34. Nxg1 Bc5 0-1


[Site "https://www.chess.com"]

[Event "Titled Tuesday Blitz June 6 Early 2023"]
[White "Bogaudinov, Rushan"]
[Black "Ginzburg, Yakov"]
[WhiteFideId "4129288"]
[BlackFideId "4157176"]
[WhiteElo "1967"]
[BlackElo "2305"]
[Result "0-1"]
[Round "6"]
[TimeControl "180+2"]
[Date "2023.06.06"]
[WhiteClock "0:00:15"]
[BlackClock "0:00:21"]
[Board "127"]

1. d4 d5 2. Nf3 Nf6 3. c4 c6 4. Nc3 dxc4 5. Bg5 b5 6. a4 b4 7. Na2 Ne4 8. e3 b3 9. Nc3 Qa5 10. Rc1 Nxg5 11. Nxg5 Qxg5 12. Qf3 Bg4 13. Qg3 Qg6 14. Bxc4 Bd7 15. Bxb3 Qxg3 16. hxg3 e6 17. g4 Na6 18. g5 Rb8 19. Bc4 Nc7 20. b3 Nd5 21. Ne4 Bb4+ 22. Ke2 O-O 23. Rh4 f5 24. gxf6 Nxf6 25. Ng5 Rbe8 26. Rch1 h6 27. Nf3 Bd6 28. g4 Nd5 29. g5 Nc3+ 30. Kd3 Rxf3 31. gxh6 g5 32. h7+ Kh8 33. Rg4 Re7 34. Rxg5 Rxh7 35. Rxh7+ Kxh7 36. Kxc3 Rxf2 37. e4 Rf3+ 38. Kc2 Bb4 39. Ra5 Bxa5 40. Be2 Rc3+ 41. Kb2 e5 42. dxe5 Be6 0-1


[Site "https://www.chess.com"]

[Event "Titled Tuesday Blitz June 6 Early 2023"]
[White "Pinheiro, Iung Alicio de O."]
[Black "Lacasa Diaz, Jose Antonio"]
[WhiteFideId "2104350"]
[BlackFideId "2203375"]
[WhiteElo "2283"]
[BlackElo "2338"]
[Result "1-0"]
[Round "6"]
[TimeControl "180+2"]
[Date "2023.06.06"]
[WhiteClock "0:01:35"]
[BlackClock "0:01:52"]
[Board "128"]

1. e4 c5 2. Nf3 Nf6 3. Nc3 d5 4. Bb5+ Nc6 5. exd5 Nxd5 6. Ne5 Nxc3 7. Qf3 f6 8. Bxc6+ bxc6 9. Qxc6+ Bd7 10. Nxd7 Kf7 11. bxc3 Rc8 12. Qa4 Rc7 13. Qc4+ e6 14. Nxf8 Rxf8 15. O-O 1-0


[Site "https://www.chess.com"]

[Event "Titled Tuesday Blitz June 6 Early 2023"]
[White "Rian, Kapriaga"]
[Black "Srebrnic, Marko"]
[WhiteFideId "7103263"]
[BlackFideId "14603616"]
[WhiteElo "2328"]
[BlackElo "2341"]
[Result "0-1"]
[Round "6"]
[TimeControl "180+2"]
[Date "2023.06.06"]
[WhiteClock "0:00:06"]
[BlackClock "0:00:14"]
[Board "129"]

1. d4 Nf6 2. c4 d6 3. Nc3 Bf5 4. f3 e5 5. d5 e4 6. Bg5 exf3 7. exf3 Be7 8. Be3 O-O 9. Bd3 Bg6 10. Nge2 Nh5 11. O-O Nd7 12. g4 Nhf6 13. Nf4 Ne5 14. Nxg6 hxg6 15. h3 Nfd7 16. f4 Nxd3 17. Qxd3 Bf6 18. Rae1 Bh4 19. Re2 Re8 20. g5 a5 21. Nb5 a4 22. a3 b6 23. Kg2 Nc5 24. Bxc5 bxc5 25. Rf3 Rxe2+ 26. Qxe2 Qd7 27. Re3 Qf5 28. Qg4 Qxg4+ 29. hxg4 f6 30. Nxc7 Rb8 31. Nb5 fxg5 32. fxg5 Bxg5 33. Re2 Bf6 34. Kf3 Rf8 35. Kg2 Be5 36. Rf2 Rxf2+ 37. Kxf2 Bxb2 38. Nxd6 Bxa3 39. Nb5 Bb2 40. d6 Kf7 41. Kf3 a3 42. Nxa3 Bxa3 43. Ke4 Ke6 44. Kf4 Kxd6 45. Kg5 Bb2 46. Kxg6 Bd4 47. g5 Kc6 48. Kf5 Kb6 49. Ke6 Ka5 50. Kd5 Kb4 51. g6 Kc3 52. Ke6 Kxc4 53. Kf7 Kd3 0-1


[Site "https://www.chess.com"]

[Event "Titled Tuesday Blitz June 6 Early 2023"]
[White "Tanmay Jain"]
[Black "Ai, Evan"]
[WhiteFideId "45015481"]
[BlackFideId "2094770"]
[WhiteElo "2032"]
[BlackElo "1963"]
[Result "0-1"]
[Round "6"]
[TimeControl "180+2"]
[Date "2023.06.06"]
[WhiteClock "0:00:03"]
[BlackClock "0:00:06"]
[Board "130"]

1. e4 e5 2. Nf3 Nc6 3. g3 Nf6 4. Nc3 Bc5 5. Bg2 d5 6. exd5 e4 7. dxc6 exf3 8. Bxf3 Qd4 9. O-O b6 10. Nb5 Qd8 11. Re1+ Be6 12. d4 Be7 13. Bf4 Rc8 14. Nxa7 Ra8 15. Nb5 Rc8 16. b3 O-O 17. c4 Bb4 18. Re2 Re8 19. a3 Bd6 20. Bxd6 cxd6 21. d5 Bf5 22. Rxe8+ Nxe8 23. Qd4 g6 24. Re1 Qg5 25. Qxb6 h5 26. Qe3 Qf6 27. Qe7 Qb2 28. Na7 Ra8 29. Qb7 Qc3 30. Re3 Qa1+ 31. Kg2 h4 32. gxh4 Nf6 33. Qxa8+ Kg7 34. Qd8 Bh3+ 35. Kxh3 Qf1+ 36. Bg2 Qxf2 37. Qe7 Qf5+ 38. Kg3 Nh5# 0-1


[Site "https://www.chess.com"]

[Event "Titled Tuesday Blitz June 6 Early 2023"]
[White "Camacho Collados, Jose"]
[Black "Georg, Heinz"]
[WhiteFideId "2265427"]
[BlackFideId "4607295"]
[WhiteElo "2212"]
[BlackElo "2320"]
[Result "0-1"]
[Round "6"]
[TimeControl "180+2"]
[Date "2023.06.06"]
[WhiteClock "0:00:04"]
[BlackClock "0:00:20"]
[Board "131"]

1. d4 f5 2. Bg5 h6 3. Bd2 Nf6 4. Nc3 d5 5. e3 e6 6. Be2 g6 7. Nf3 Bd6 8. Ne5 Bxe5 9. dxe5 Ne4 10. Nxe4 fxe4 11. c4 O-O 12. Qb3 c6 13. Bb4 Rf7 14. O-O Nd7 15. Bd6 Qg5 16. Qc3 Rf5 17. cxd5 cxd5 18. Qc7 Nxe5 19. h4 Qf6 20. g4 Nf3+ 21. Bxf3 Rxf3 22. Be5 Qf7 23. Rac1 Bd7 24. Qxb7 Rf8 25. Bg3 h5 26. g5 e5 27. Qc7 Qf5 0-1


[Site "https://www.chess.com"]